 Dungeon Crawl Stone Soup version 0.30-a0-989-g0d87f670db (webtiles) character file.

Game seed: 3693036471242315235

471 jasper the Caller (level 6, -2/42 (47) HPs)
             Began as a Demonspawn Summoner on Apr 3, 2023.
             Slain by a hound (4 damage)
             ... on level 5 of the Dungeon.
             The game lasted 00:06:47 (4237 turns).

jasper the Caller (Demonspawn Summoner)             Turns: 4237, Time: 00:06:48

HP:   -2/42 (47)    AC:  5    Str:  9    XL:     6   Next: 83%
MP:   0/9           EV: 10    Int: 18    God:
Gold: 168           SH:  0    Dex: 13    Spells: 3/9 levels left

rFire   . . .      SeeInvis .    q - +0 halberd
rCold   . . .      Faith    .    (shield currently unavailable)
rNeg    . . .      Spirit   +    k - +0 ring mail
rPois   .          Reflect  .    (no helmet)
rElec   .          Rampage  .    (no cloak)
rCorr   .                        (no gloves)
Will    .....                    (no boots)
Stlth   +                        (no amulet)
HPRegen 0.27/turn                (no ring)
MPRegen 0.22/turn                (no ring)

@: hasted, heavily drained, very quick
A: magic shield, magic regeneration
a: no special abilities


You were on level 5 of the Dungeon.
You visited 1 branch of the dungeon, and saw 5 of its levels.

You collected 168 gold pieces.

Inventory:

Hand Weapons
 m - a +0 heavy mace
 q - a +0 halberd (weapon)
Missiles
 n - 16 poisoned darts
 t - a throwing net
Armour
 a - a +0 robe
 e - a +0 scale mail
 k - a +0 ring mail (worn)
Scrolls
 c - 2 scrolls of brand weapon
 j - a scroll of poison
 r - a scroll of teleportation
 u - a scroll of silence {unknown}
Potions
 d - a potion of cancellation
 f - a potion of invisibility
 g - a potion of brilliance
 i - a potion of attraction
 l - 2 potions of mutation
 o - 2 potions of might {unknown}
 p - a potion of lignification {unknown}
 s - 2 potions of degeneration {unknown}


   Skills:
 + Level 3.5 Fighting
 * Level 2.5 Polearms
 + Level 2.8 Armour
 - Level 1.7 Dodging
 - Level 1.7 Stealth
 - Level 2.0 Spellcasting
 + Level 5.5 Summonings


You had 3 spell levels left.
You knew the following spells:

 Your Spells              Type           Power      Damage    Failure   Level
a - Summon Small Mammal   Summ           84%        N/A       4%          1
b - Call Imp              Summ           21%        N/A       8%          2
c - Call Canine Familiar  Summ           21%        N/A       16%         3

Your spell library contained the following spells:

 Spells                   Type           Power      Damage    Failure   Level
 Freeze                   Ice            4%         1d3       43%         1
 Necrotise                Necr           4%         1d4       43%         1
 Summon Guardian Golem    Hex/Summ       11%        N/A       43%         3
 Frozen Ramparts          Ice            2%         1d1       82%         3
 Hailstorm                Conj/Ice       1%         3d3       82%         3
 Vampiric Draining        Necr           1%         2d6       82%         3
 Summon Lightning Spire   Summ/Air       11%        N/A       83%         4
 Agony                    Necr           1%         N/A       100%        5


Dungeon Overview and Level Annotations

Branches:
Dungeon (5/15)
 Temple: D:4-7

Altars:


Innate Abilities, Weirdness & Mutations

When hurt, damage is shared between your health and your magic reserves.
You regenerate magic rapidly.


Message History

* * * LOW HITPOINT WARNING * * *
Your hound bites the hound but does no damage.
The hound closely misses you.
Your hound barely misses the hound.
You now have 5/9 mp.
You closely miss the hound.
The hound is lightly wounded.
The hound closely misses you.
Your hound bites the hound.
The hound bites you.
* * * LOW HITPOINT WARNING * * *
Your hound misses the hound.
You take 1 damage, and have 8/42 hp.
You closely miss the hound.
The hound is moderately wounded.
The hound bites you.
* * * LOW HITPOINT WARNING * * *
Your hound barely misses the hound.
The hound closely misses you.
Your hound closely misses the hound.
You take 2 damage, and have 6/42 hp.
You hit the hound.
The hound is moderately wounded.
The hound bites you.
* * * LOW HITPOINT WARNING * * *
Your hound barely misses the hound.
The hound barely misses you.
Your hound barely misses the hound.
You take 2 damage, and have 4/42 hp.
You now have 4/9 mp.
Okay, then.
You barely miss the hound.
The hound is moderately wounded.
The hound bites you.
* * * LOW HITPOINT WARNING * * *
Your hound bites the hound.
The hound bites you but does no damage.
Your hound bites the hound.
You take 2 damage, and have 2/42 hp.
You now have 2/9 mp.
You feel yourself speed up. The hound bites you.
Your hound misses the hound. The hound bites you.
* * * LOW HITPOINT WARNING * * *
You take 1 damage, and have 1/42 hp.
You now have 0/9 mp.
You hit the hound.
The hound is severely wounded.
Your hound bites the hound.
The hound bites you.
You die...

## #. ##..
##...
##....#
#......##
........##
.......@h#
........h..#
###.......##
##......#
##....##
##.... .....
..###.


You could see a hound (ally target) and a friendly hound (summoned).

Vanquished Creatures
  3 wights (D:4)
  2 hounds (D:4)
  An iguana (D:4)
  A gnoll (D:4)
  3 adders
  A worm (D:4)
  2 dart slugs
  An orc (D:4)
  2 bats (D:1)
  An endoplasm (D:3)
  A giant cockroach (D:1)
  A hobgoblin (D:2)
  2 quokkas
  2 ball pythons
  A frilled lizard (D:3)
  4 goblins
  2 kobolds
  3 rats
33 creatures vanquished.

Vanquished Creatures (collateral kills)
  A jelly (D:3)
  Terence (D:3)
  6 gnolls
  2 adders (D:2)
  A worm (D:2)
  4 ball pythons
  4 endoplasms
  A hobgoblin (D:1)
  A jackal (D:2)
  3 kobolds
  2 quokkas (D:3)
  5 bats
  A goblin (D:2)
  3 rats
35 creatures vanquished.

Grand Total: 68 creatures vanquished

Notes
Turn   | Place    | Note
-------+----------+-------------------------------------------
     0 | D:1      | jasper the Demonspawn Summoner began the quest for the Orb.
     0 | D:1      | Reached XP level 1. HP: 13/13 MP: 3/3
   295 | D:1      | Reached skill level 1 in Fighting
   852 | D:2      | Gained mutation: You regenerate magic rapidly. [demonic
                  | ancestry]
   852 | D:2      | Reached XP level 2. HP: 6/21 MP: 3/5
   928 | D:1      | Learned a level 2 spell: Call Imp
  1396 | D:2      | Found a faded altar of an unknown god.
  1436 | D:2      | Reached XP level 3. HP: 24/26 MP: 6/6
  1693 | D:2      | Reached skill level 1 in Armour
  1698 | D:2      | Learned a level 3 spell: Call Canine Familiar
  2319 | D:3      | Reached XP level 4. HP: 18/33 MP: 7/7
  2420 | D:3      | Noticed Terence
  2433 | D:3      | Killed Terence
  2967 | D:3      | Reached skill level 5 in Summonings
  3134 | D:3      | Gained mutation: When hurt, damage is shared between your
                  | health and your magic reserves. [demonic ancestry]
  3134 | D:3      | Reached XP level 5. HP: 39/39 MP: 5/8
  3494 | D:4      | Noticed a black bear
  3517 | D:4      | Reached skill level 1 in Polearms
  3721 | D:4      | Reached XP level 6. HP: 47/47 MP: 7/9
  4224 | D:5      | Entered Level 5 of the Dungeon
  4235 | D:5      | HP: 2/42 [hound (2)]
  4237 | D:5      | Slain by a hound

Illustrated notes

Levels and vault maps discovered:
D:1:      wheals_arrival_shading, layout_basic
D:2:      layout_basic, serial_co_window_serial, co_window_of_opportunity_a,
          co_window_corner_a, co_window_paths_a, co_window_paths_b,
          co_window_paths_a, co_window_corner_a, co_window_paths_a,
          co_window_broadway_b, co_window_unsneaky_path_e,
          co_window_unsneaky_path_e, co_window_paths_c, co_window_paths_e,
          glass_columns_c, glass_columns_a, glass_columns_a, glass_columns_b,
          glass_columns_a, shapermc_ecumenical_altar_totnotflames,
          minmay_misc_feat_rows, minmay_split_cup_small
D:3:      layout_basic, minivault_5, uniq_terence
D:4:      layout_basic, kennysheep_flooded_box
D:5:      layout_layer_cave, general_overflow_altar, ebering_ghost_rock_garden,
          uniq_duvessa

Skill      XL: |  1  2  3  4  5  6 |
---------------+-------------------+-----
Fighting       | 1 2 3 |  3.5
Armour         | 1 2 |  2.8
Summonings     | 5 |  5.5
Polearms       | 1 2 |  2.5
Dodging        | |  1.7
Stealth        | |  1.7
Spellcasting   | |  2.0

Action                     |  1- 3 |  4- 6 || total
---------------------------+-------+-------++-------
  Melee: Unarmed           |    37 |       ||    37
         Mace              |    63 |    56 ||   119
         Punch             |       |     1 ||     1
         Halberd           |       |    78 ||    78
   Cast: Summon Small Mamm |    19 |       ||    19
         Call Imp          |    11 |    18 ||    29
         Call Canine Famil |       |     5 ||     5
    Use: Potion            |     1 |     5 ||     6
         Scroll            |     9 |     3 ||    12
   Stab: Sleeping          |       |     4 ||     4
         Distracted        |       |     1 ||     1
 Armour: Robe              |    14 |       ||    14
         Ring mail         |    31 |    53 ||    84
  Dodge: Dodged            |    78 |   102 ||   180

Table legend: (Time is in decaauts)
 A = Elapsed time spent in this place.
 B = Non-inter-level travel time spent in this place.
 C = Inter-level travel time spent in this place.
 D = Time resting spent in this place.
 E = Time spent auto-exploring this place.
 F = Levels seen in this place.
 G = Mean time per level.
                   A        B        C        D        E       F      G
               +--------+--------+--------+--------+--------+-----+--------+
         Total |   4325 |   4174 |    151 |    313 |   2944 |   5 |  865.0 |
       Dungeon |   4325 |   4174 |    151 |    313 |   2944 |   5 |  865.0 |
               +--------+--------+--------+--------+--------+-----+--------+

Top non-repeatable levels by time:
     D:2: 1335 daAuts
     D:3: 1242 daAuts
     D:1: 872 daAuts
     D:4: 859 daAuts
     D:5: 16 daAuts
